 Dungeon Crawl Stone Soup version 0.28.0-45-g0d030f2227 (webtiles) character file.

Game seed: 15200737895293383600

39 NinjaNoafa the Sneak (level 3, 0/18 HPs)
             Began as a Vine Stalker Brigand on Apr 20, 2022.
             Slain by a worm (7 damage)
             ... on level 2 of the Dungeon.
             The game lasted 00:02:40 (1253 turns).

NinjaNoafa the Sneak (Vine Stalker Brigand)         Turns: 1253, Time: 00:02:41

Health: 0/18       AC:  3    Str: 13    XL:     3   Next: 47%
Magic:  0/4        EV: 12    Int: 11    God:
Gold:   17         SH:  0    Dex: 17    Spells: 2/2 levels left

rFire   . . .      SeeInvis .   a - +2 dagger
rCold   . . .      Faith    .   (no shield)
rNeg    . . .      Spirit   +   b - +0 robe
rPois   .          Reflect  .   (no helmet)
rElec   .          Harm     .   c - +0 cloak
rCorr   .          Rampage  .   (no gloves)
Will    .....                   (no boots)
Stlth   +++.......              (no amulet)
HPRegen 0.06/turn               (no ring)
MPRegen 0.09/turn               (no ring)

@: no status effects
A: fangs 2, magic shield, antimagic bite, no potion heal 2
a: no special abilities


You were on level 2 of the Dungeon.
You visited 1 branch of the dungeon, and saw 2 of its levels.

You collected 17 gold pieces.

Inventory:

Hand Weapons
 a - a +2 dagger (weapon)
Armour
 b - a +0 robe (worn)
 c - a +0 cloak (worn)


   Skills:
 + Level 2.2 Fighting
 + Level 2.2 Short Blades
 + Level 2.1 Throwing
 + Level 1.3 Dodging
 + Level 5.1 Stealth


You had 2 spell levels left.
You didn't know any spells.
Your spell library was empty.

Dungeon Overview and Level Annotations

Branches:
Dungeon (2/15)

Altars:


Innate Abilities, Weirdness & Mutations

You have extremely sharp teeth.
When hurt, damage is shared between your health and your magic reserves.
Your bite disrupts and absorbs the magic of your enemies.
Potions cannot restore your health.


Message History

You kill the frilled lizard!
You see here a frilled lizard corpse.
Magic restored.
A worm is nearby!
A worm is nearby!
Throw: 2 darts (curare)
Press: ? - help, Q - select action Shift-Dir - straight line, f - worm
Aim: a worm (wandering, hasn't noticed you, 79% to hit)
You throw a curare-tipped dart. The curare-tipped dart hits the worm.
The worm is poisoned.
The worm convulses.
The worm seems to slow down.
The worm is moderately wounded.
Throw: dart (curare)
Press: ? - help, Q - select action Shift-Dir - straight line, f/p - worm
Aim: a worm (moderately wounded, very poisoned, slow, 79% to hit)
You throw a curare-tipped dart. The curare-tipped dart hits the worm.
The worm looks as sick as possible!
The worm convulses.
The worm seems to be slow for longer.
The worm is almost dead.
You kill the worm!
A worm is nearby!
A worm is nearby!
d - a poisoned dart
There are no items here.
Throw: dart (poison)
Press: ? - help, Q - select action Shift-Dir - straight line, f - worm
Aim: a worm (wandering, hasn't noticed you, 79% to hit)
You throw a poisoned dart.
The poisoned dart barely misses the worm.
Things that are here:
2 curare-tipped darts; a worm corpse You hit the worm.
You bite the worm. You drain its power.
The worm is moderately wounded.
The worm misses you.
You hit the worm.
The worm is heavily wounded.
You hit the worm.
The worm is severely wounded.
The worm bites you!
You die...

#..........# ..
#..........##...
#.....†.......#
#..........##.#
##..........#
.............##
.####....<....#
#..........###.#
###.......@w.....#
.............(##..#
..#.>.$.......# ##
##..........#
##.....†...#
##..(.....#
###(.....# #<##...#
# #.# #..#


You could see a worm.

Vanquished Creatures
  A worm (D:2)
  2 dart slugs (D:1)
  4 ball pythons
  3 bats
  2 endoplasms (D:1)
  2 giant cockroaches (D:1)
  5 goblins (D:1)
  2 hobgoblins (D:1)
  3 jackals (D:1)
  A frilled lizard (D:2)
  4 kobolds (D:1)
  2 rats
31 creatures vanquished.

Notes
Turn   | Place    | Note
-------+----------+-------------------------------------------
     0 | D:1      | NinjaNoafa the Vine Stalker Brigand began the quest for the
                  | Orb.
     0 | D:1      | Reached XP level 1. HP: 11/11 MP: 2/2
   273 | D:1      | Reached skill level 1 in Dodging
   273 | D:1      | Reached XP level 2. HP: 15/15 MP: 3/3
   295 | D:1      | Reached skill level 5 in Stealth
   692 | D:1      | Reached XP level 3. HP: 18/18 MP: 4/4
  1253 | D:2      | Slain by a worm

Illustrated notes

Levels and vault maps discovered:
D:1:      evilmike_arrival_hilbert_curve, layout_basic
D:2:      layout_rooms, uniq_crazy_yiuf_cottage

Skill      XL: |  1  2 |
---------------+-------+-----
Dodging        | 1 |  1.3
Stealth        | 5 |  5.1
Throwing       | 2 |  2.1
Fighting       | 2 |  2.2
Short Blades   | 2 |  2.2

Action                   || total
-------------------------++-------
Melee: Dagger            ||    62
       Bite              ||     7
       Punch             ||     1
Throw: Dart              ||    26
  Use: Scroll            ||     2
 Stab: Sleeping          ||     4
Armor: Robe              ||    40
Dodge: Dodged            ||    66
